 Dungeon Crawl Stone Soup version 0.23.0-38-g208d714 (webtiles) character file.

Game seed: 9055420477268029760

102 robertstho the Ruffian (level 4, -1/40 HPs)
             Began as a Ghoul Monk on Feb 27, 2019.
             Slain by a gnoll
             ... wielding a +0 halberd
              (16 damage)
             ... on level 2 of the Dungeon.
             The game lasted 00:02:33 (1739 turns).

robertstho the Ruffian (Ghoul Monk)                 Turns: 1739, Time: 00:02:34

Health: -1/40      AC:  9    Str: 15    XL:     4   Next: 78%
Magic:  3/3        EV:  7    Int:  5    God:
Gold:   63         SH:  0    Dex: 11    Spells: 3/3 levels left

rFire    . . .     SeeInvis .     - Unarmed
rCold    + . .     Gourm    .   (no shield)
rNeg     + + +     Faith    .   k - +0 chain mail
rPois    ∞         Spirit   .   j - +0 helmet
rElec    .         Reflect  .   (no cloak)
rCorr    .         Harm     .   (no gloves)
MR       .....                  (no boots)
Stlth    ..........             (no amulet)
HPRegen  0.00/turn              (no ring)
MPRegen  0.08/turn              (no ring)

@: rotting
A: rotting body, claws 1, carnivore, cold resistance 1, negative energy
resistance 3, inhibited regeneration, torment resistance, unbreathing
a: no special abilities


You were on level 2 of the Dungeon.
You were not hungry.

You visited 1 branch of the dungeon, and saw 2 of its levels.

You collected 63 gold pieces.

Inventory:

Missiles
 e - 11 sling bullets
Armour
 a - a +0 robe
 j - a +0 helmet (worn)
 k - a +0 chain mail (worn)
Scrolls
 c - a scroll of identify {unknown}
 f - a scroll of enchant weapon {unknown}
 g - 3 scrolls of remove curse {unknown}
 l - a scroll of enchant armour {unknown}
Potions
 d - a potion of curing {unknown}
 h - a potion of invisibility {unknown}
 i - a potion of berserk rage {unknown}
Comestibles
 b - 2 rations


   Skills:
 + Level 3.7 Fighting
 + Level 3.1 Dodging
 - Level 2.1 Stealth
 * Level 5.2 Unarmed Combat


You had 3 spell levels left.
You didn't know any spells.
Your spell library was empty.

Dungeon Overview and Level Annotations

Branches:
Dungeon (2/15)

Altars:


Innate Abilities, Weirdness & Mutations

Your body is rotting away.
You thrive on raw meat.
You are immune to poison.
You have sharp fingernails.
You are carnivorous and can eat meat at any time.
Your flesh is cold resistant. (rC+)
You are immune to negative energy. (rN+++)
You do not regenerate when monsters are visible.
You are immune to unholy pain and torment.
You can survive without breathing.


Message History

The gnoll hits you but does no damage.
The gnoll hits you from afar with a +0 halberd.
You scratch the gnoll but do no damage.
The gnoll is severely wounded.
The gnoll hits you with a +0 spear. The gnoll hits you but does no damage.
You are too injured to fight recklessly!
You are too injured to fight recklessly!
You are too injured to fight recklessly!
You are too injured to fight recklessly!
You are too injured to fight recklessly!
You are too injured to fight recklessly!
You scratch the gnoll.
You kill the gnoll!
The gnoll hits you with a +0 halberd.
Found a stone staircase leading down.
You see here a +0 spear.
Your chain mail prevents you from hitting the gnoll.
The gnoll closely misses you.
You barely miss the gnoll. The gnoll hits you with a +0 halberd!
You die...

.># .. .. .## ..# #g#
..#g# #.#@## ######
#.#.(# .....### #.##.#
####.#.. ..#.####
#.#.# #.#....#
####.#.########.#..#.#
..##.#.............# #
..##.....#######..##.#
..#......÷..#.>......#
#


You could see 2 gnolls.

Vanquished Creatures
  Natasha (D:2)
  2 gnolls
  3 adders (D:2)
  A worm (D:2)
  A bat (D:1)
  2 giant cockroaches (D:1)
  5 goblins
  3 hobgoblins (D:1)
  2 kobolds
  2 frilled lizards (D:2)
  10 rats
32 creatures vanquished.

Notes
Turn   | Place    | Note
-------+----------+-------------------------------------------
     0 | D:1      | robertstho the Ghoul Monk began the quest for the Orb.
     0 | D:1      | Reached XP level 1. HP: 19/19 MP: 0/0
   251 | D:1      | Reached XP level 2. HP: 22/26 MP: 1/1
   707 | D:1      | Reached skill level 4 in Unarmed Combat
   730 | D:1      | Reached XP level 3. HP: 30/31 MP: 2/2
  1455 | D:2      | Reached XP level 4. HP: 39/39 MP: 3/3
  1472 | D:2      | Noticed Natasha
  1483 | D:2      | Killed Natasha
  1483 | D:2      | Reached skill level 5 in Unarmed Combat
  1739 | D:2      | Slain by a gnoll

Skill      XL: |  1  2  3  4 |
---------------+-------------+-----
Unarmed Combat | 4 5 |  5.2
Dodging        | 3 |  3.1
Fighting       | |  3.7
Stealth        | |  2.1

Action                   |  1- 3 |  4- 6 || total
-------------------------+-------+-------++-------
Melee: Unarmed           |    98 |    16 ||   114
       Punch             |     2 |       ||     2
 Stab: Sleeping          |     3 |       ||     3
  Eat: Chunk             |     9 |     4 ||    13
Armor: Robe              |    12 |       ||    12
       Chain mail        |    20 |     7 ||    27
Dodge: Dodged            |    56 |     4 ||    60
